 Dungeon Crawl Stone Soup version 0.26.1-2-gb8aa6d0cf2 (webtiles) character file.

Game seed: 18391811035108796047

16335 FishyPogo the Destroyer (level 12, 0/81 HPs)
             Began as a Yellow Draconian Conjurer on Feb 25, 2021.
             Was a High Priest of Vehumet.
             Slain by admiralandromeda's ghost (2 damage)
             ... on level 12 of the Dungeon.
             The game lasted 01:57:12 (14955 turns).

FishyPogo the Destroyer (DrCj)                     Turns: 14955, Time: 01:57:13

Health: 0/81       AC: 12    Str: 15      XL:     12   Next: 9%
Magic:  1/27       EV: 15    Int: 23 (25) God:    Vehumet [*****.]
Gold:   896        SH:  0    Dex:  9      Spells: 4/34 levels left

rFire    . . .     SeeInvis .   b - staff of conjuration
rCold    . . .     Faith    .   (no shield)
rNeg     . . .     Spirit   .   (armour unavailable)
rPois    +         Reflect  .   (helmet restricted)
rElec    .         Harm     .   M - +2 cloak {rCorr}
rCorr    +         Rampage  .   (no gloves)
Will     .....                  q - +0 pair of boots
Stlth    ++........             c - amulet of the acrobat
HPRegen  0.23/turn              x - ring of poison resistance
MPRegen  0.20/turn              T - +6 ring of strength

@: about to teleport, slowed, very slow
A: spit acid, unfitting armour, cold-blooded, acid resistance, AC +8
a: Breathe Acid, Renounce Religion


You were on level 12 of the Dungeon.
You worshipped Vehumet.
Vehumet was extremely pleased with you.
You visited 2 branches of the dungeon, and saw 14 of its levels.

You collected 998 gold pieces.
You spent 102 gold pieces at shops.

Inventory:

Hand Weapons
 a - the +4 dagger "Goblinslayer" {vamp, +Fly rElec Will++}
   (You found it on level 12 of the Dungeon)

   It inflicts no extra harm, but heals its wielder when it wounds a living foe.
   It insulates you from electricity.
   It affects your willpower, your defense against some magical effects.
   It lets you fly.
 E - a +4 vorpal spear
 K - a +0 whip
Missiles
 n - 29 poisoned darts
 p - 289 stones
 O - a throwing net
 P - 8 javelins
 X - 7 boomerangs
Armour
 q - a +0 pair of boots (worn)
 y - a scarf of invisibility
 M - a +2 cloak of preservation (worn)
Magical Staves
 b - an uncursed staff of conjuration (weapon)
Jewellery
 c - an amulet of the acrobat (around neck)
 o - an uncursed ring of fire
 x - a ring of poison resistance (left hand)
 F - an uncursed amulet of faith
 L - an uncursed ring of fire
 N - a cursed ring of ice
 T - a +6 ring of strength (right hand)
Wands
 e - a wand of enslavement (11)
 f - a wand of paralysis (11)
 g - a wand of iceblast (8)
 r - a wand of acid (33)
 v - a wand of random effects (45)
 B - a wand of polymorph (31)
 J - a wand of flame (40)
 V - a wand of digging (6)
Scrolls
 h - 2 scrolls of blinking
 j - 4 scrolls of remove curse
 u - 2 scrolls of fear
 w - 3 scrolls of fog
 D - 7 scrolls of teleportation
 I - 2 scrolls of enchant weapon
 Q - 2 scrolls of summoning
 W - 3 scrolls of identify
 Z - a scroll of amnesia {unknown}
Potions
 d - 11 potions of curing
 i - 3 potions of might
 k - 3 potions of lignification
 l - 5 potions of heal wounds
 m - a potion of flight
 s - a potion of haste
 t - 4 potions of invisibility
 z - 2 potions of attraction
 A - 4 potions of ambrosia
 C - 2 potions of brilliance
 G - 2 potions of berserk rage
 H - 2 potions of cancellation
 R - 2 potions of mutation
 S - a potion of magic
Miscellaneous
 U - a phantom mirror
 Y - a box of beasts (inert)


   Skills:
 - Level 4.0 Short Blades
 - Level 0.5(1.1) Polearms
 - Level 1.4(1.5) Staves
 - Level 7.0 Dodging
 - Level 2.0 Stealth
 + Level 11.6 Spellcasting
 + Level 12.1 Conjurations
 * Level 5.2 Evocations


You had 4 spell levels left.
You knew the following spells:

 Your Spells              Type           Power        Failure   Level
a - Magic Dart            Conj           100%         1%          1
b - Stone Arrow           Conj/Erth      100%         1%          3
c - Searing Ray           Conj           100%         1%          2
d - Sandblast             Erth           26%          1%          1
e - Airstrike             Air            6%           13%         4
f - Irradiate             Conj/Tmut      29%          3%          5
l - Iskenderun's Mystic   Conj/Tloc      58%          1%          4
n - Shock                 Conj/Air       100%         1%          1
u - Iskenderun's Battles  Conj           80%          1%          5
y - Fulminant Prism       Conj/Hex       29%          1%          4

Your spell library contained the following spells:

 Spells                   Type           Power        Failure   Level
 Foxfire                  Conj/Fire      100%         1%          1
 Conjure Flame            Conj/Fire      58%          1%          3
 Dazzling Flash           Conj/Hex       100%         1%          3
 Sticky Flame             Conj/Fire      58%          1%          4
 Inner Flame              Hex/Fire       13%          4%          3
 Fireball                 Conj/Fire      29%          3%          5


Dungeon Overview and Level Annotations

Branches:
Dungeon (13/15)            Temple (0/1) D:7            Lair (0/6) D:8
    Orc (1/2) D:12
 Vaults: D:13-14

Altars:
Cheibriados
Elyvilon
Gozag
Nemelex Xobeh
Trog
Vehumet
Xom
The Shining One

Shops:
D:8 :[}[   D:9 *   D:11 (!((

Annotations:
D:12 admiralandromeda's ghost, journeyman BaWr


Innate Abilities, Weirdness & Mutations

You can spit globs of acid.
Your golden yellow scales are hard. (AC +8)
You cannot fit into any form of body armour.
You are cold-blooded and may be slowed by cold attacks.
You are resistant to acid. (rCorr)


Message History

The stone arrow misses the +2 flail of chaos.
The stone arrow hits admiralandromeda's ghost!
Admiralandromeda's ghost is lightly damaged.
Your battlesphere fires!
The barrage of energy hits the +2 flail of chaos.
The +2 flail of chaos is lightly damaged.
The +2 flail of chaos hits you!! The +2 flail of chaos burns you.
* * * LOW HITPOINT WARNING * * *
The +2 flail of chaos hits you.
* * * LOW HITPOINT WARNING * * *
Unknown command.
As you read the scroll of teleportation, it crumbles to dust.
You feel strangely unstable. The +2 flail of chaos hits you!
* * * LOW HITPOINT WARNING * * *
The +2 flail of chaos burns you.
* * * LOW HITPOINT WARNING * * *
Admiralandromeda's ghost hits you.
* * * LOW HITPOINT WARNING * * *
You feel yourself slow down. Admiralandromeda's ghost freezes you.
You die...

#.# ###.. #.### ##### #.... #...#
#...####.#.. #.#.# #.#......###
#.#.# #.#.....####
##.#.###...###.....
###..*.......##..)...
##.##.#..#....#.......
########.#)§?#@................
###........##'##(W..#...#........
....# #......####...>........
.#### ###.#....####...##.......
....###.....###.)................
###.....#### ##.#####...........
##...#### #.# #.#####.....
##.†#....### #.# ##...........
...#####...# #.####...######...


You could see a +2 flail of chaos, admiralandromeda's ghost and a friendly
battlesphere.

Vanquished Creatures
  A hydra (D:11)
  A two-headed ogre (D:12)
  Nergalle (D:12)
  An unseen horror (D:10)
  An orange crystal statue (D:12)
  An ugly thing (D:6)
  A cyclops (D:11)
  Maurice (D:8)
  2 kobold demonologists (D:11)
  A queen bee (D:10)
  A harpy zombie (D:12)
  2 slime creatures (D:13)
  Prince Ribbit (D:8)
  A hornet (D:8)
  A vampire (D:11)
  3 wyverns
  Menkaure (D:7)
  3 water moccasins
  10 orc warriors
  2 phantoms
  2 necrophages (D:7)
  9 centaurs
  2 ice beasts
  6 ogres
  Blork the orc (D:6)
  4 big kobolds
  9 bullfrogs
  5 scorpions
  37 killer bees
  19 wights
  2 howler monkeys
  4 lava snakes (D:12)
  10 hounds
  5 jellies
  3 bullfrog zombies
  13 orc wizards
  3 centaur skeletons
  8 orc priests
  Crazy Yiuf (D:7)
  5 bullfrog skeletons
  3 iguanas
  6 worker ants
  A killer bee zombie (D:5)
  2 hound skeletons
  Robin (D:2)
  9 adders
  8 gnolls
  2 howler monkey skeletons (D:6)
  4 shadow imps
  9 white imps
  8 ufetubi
  An adder zombie (D:6)
  An ooze (D:2)
  An adder skeleton (D:7)
  6 worms
  A dart slug (D:1)
  5 leopard geckos
  39 orcs
  2 giant cockroaches
  17 goblins
  6 hobgoblins
  14 jackals
  24 kobolds
  A quokka (D:8)
  4 ball pythons
  4 bats
  4 frilled lizards
  A jackal skeleton (D:4)
  A leopard gecko skeleton (D:8)
  6 rats
375 creatures vanquished.

Vanquished Creatures (others)
  60 fulminant prisms
  9 plants (D:3)
69 creatures vanquished.

Grand Total: 444 creatures vanquished

Notes
Turn   | Place    | Note
-------+----------+-------------------------------------------
     0 | D:1      | FishyPogo the Draconian Conjurer began the quest for the
                  | Orb.
     0 | D:1      | Reached XP level 1. HP: 14/14 MP: 3/3
   178 | D:1      | Reached XP level 2. HP: 20/20 MP: 1/5
   181 | D:1      | Learned a level 2 spell: Searing Ray
   881 | D:2      | Reached XP level 3. HP: 17/26 MP: 2/6
  1402 | D:2      | Found a white marble altar of Elyvilon.
  1406 | D:2      | Found a snail-covered altar of Cheibriados.
  1406 | D:2      | Found a bloodstained altar of Trog.
  1406 | D:2      | Found a glowing golden altar of the Shining One.
  1413 | D:2      | Found a radiant altar of Vehumet.
  1413 | D:2      | Found a sparkling altar of Nemelex Xobeh.
  1423 | D:2      | Became a worshipper of Vehumet
  1541 | D:2      | Noticed Robin
  1555 | D:2      | Reached XP level 4. HP: 31/33 MP: 5/7
  1567 | D:2      | Killed Robin
  1691 | D:2      | Reached skill level 5 in Conjurations
  1693 | D:2      | Found a sparkling altar of Nemelex Xobeh.
  2026 | D:3      | Reached * piety under Vehumet
  2026 | D:3      | Offered knowledge of Sandblast by Vehumet.
  2034 | D:3      | Learned a level 4 spell: Iskenderun's Mystic Blast
  2093 | D:3      | Learned a level 1 spell: Sandblast
  2635 | D:3      | Reached XP level 5. HP: 38/38 MP: 7/9
  2991 | D:4      | Noticed a phantom
  3004 | D:4      | Killed a phantom
  3483 | D:4      | Reached XP level 6. HP: 45/45 MP: 6/11
  3756 | D:4      | Reached skill level 6 in Conjurations
  4177 | D:5      | Entered Level 5 of the Dungeon
  4181 | D:5      | Your scales start taking on a golden yellow colour.
  4181 | D:5      | Reached XP level 7. HP: 50/50 MP: 11/13
  4181 | D:5      | Gained mutation: You are resistant to acid. (rCorr) [Yellow
                  | Draconian growth]
  4199 | D:5      | Found an opulent altar of Gozag.
  4844 | D:5      | Reached ** piety under Vehumet
  4844 | D:5      | Offered knowledge of Shock by Vehumet.
  4847 | D:5      | Learned a level 1 spell: Shock
  5114 | D:5      | Reached skill level 5 in Spellcasting
  5122 | D:5      | Learned a level 4 spell: Fulminant Prism
  5189 | D:5      | Reached skill level 7 in Conjurations
  5297 | D:6      | Reached XP level 8. HP: 57/57 MP: 11/16
  5581 | D:6      | Noticed Blork the orc
  5586 | D:6      | Killed Blork the orc
  5803 | D:6      | Reached skill level 8 in Conjurations
  5996 | D:6      | Reached skill level 5 in Dodging
  6042 | D:6      | Noticed a green ugly thing
  6122 | D:6      | Offered knowledge of Stone Arrow by Vehumet.
  6132 | D:6      | Learned a level 3 spell: Stone Arrow
  6190 | D:6      | Reached XP level 9. HP: 62/62 MP: 8/19
  6193 | D:6      | Killed a green ugly thing
  6194 | D:6      | Reached skill level 9 in Conjurations
  6578 | D:7      | Reached *** piety under Vehumet
  6603 | D:7      | Noticed Menkaure
  6610 | D:7      | Killed Menkaure
  6850 | D:7      | Offered knowledge of Airstrike by Vehumet.
  7068 | D:7      | Found a staircase to the Ecumenical Temple.
  7087 | D:7      | Learned a level 4 spell: Airstrike
  7648 | D:7      | Found a runed translucent door.
  7649 | D:7      | Noticed Crazy Yiuf
  7655 | D:7      | Killed Crazy Yiuf
  7810 | D:8      | Noticed Maurice
  7854 | D:8      | Reached skill level 10 in Conjurations
  7864 | D:8      | Killed Maurice
  7865 | D:8      | Reached XP level 10. HP: 48/69 MP: 3/22
  7867 | D:8      | Reached **** piety under Vehumet
  7881 | D:8      | Noticed Prince Ribbit
  7984 | D:8      | Killed Prince Ribbit
  8025 | D:8      | Offered knowledge of Irradiate by Vehumet.
  8032 | D:8      | Learned a level 5 spell: Irradiate
  8112 | D:8      | Found a staircase to the Lair.
  8115 | D:8      | Found Roupi Duekh's Gadget Emporium.
  8249 | D:8      | Found Geimn's Antique Armour Emporium.
  8264 | D:8      | Found Fuwo's Book Boutique.
  8610 | D:8      | Found Fizih's Antique Armour Emporium.
  9551 | D:9      | Reached skill level 1 in Evocations
  9599 | D:9      | Reached skill level 1 in Staves
  9777 | D:9      | Found Fyibuyh's Assorted Antiques.
  9783 | D:9      | Bought a scroll of identify for 58 gold pieces
  9783 | D:9      | Bought a scroll labelled BAMOMP XULID for 29 gold pieces
 10206 | D:10     | Entered Level 10 of the Dungeon
 10349 | D:10     | Reached ***** piety under Vehumet
 10363 | D:10     | Offered knowledge of Iskenderun's Battlesphere by Vehumet.
 10772 | D:10     | Reached skill level 11 in Conjurations
 10894 | D:10     | Reached skill level 10 in Spellcasting
 10897 | D:10     | Killed an unseen horror
 10898 | D:10     | Reached XP level 11. HP: 58/74 MP: 14/25
 11214 | D:10     | Learned a level 5 spell: Iskenderun's Battlesphere
 11620 | D:11     | Found Daxecuf's Antique Weapon Shoppe.
 11660 | D:11     | Noticed a four-headed hydra
 11672 | D:11     | Killed a four-headed hydra
 11943 | D:11     | Found Paineug's Distillery.
 11949 | D:11     | Bought a potion of degeneration for 15 gold pieces
 11961 | D:11     | Found Huisk's Antique Weapon Emporium.
 12148 | D:11     | Found Oplugus's Antique Weapon Shoppe.
 12622 | D:12     | Noticed Nergalle
 12725 | D:12     | Got a crude dagger
 12726 | D:12     | Identified the +4 dagger "Goblinslayer" {vamp, +Fly rElec
                  | Will++} (You found it on level 12 of the Dungeon)
 12773 | D:12     | Reached skill level 1 in Short Blades
 13207 | D:12     | Noticed a two-headed ogre
 13211 | D:12     | Killed a two-headed ogre
 13232 | D:12     | Found a staircase to the Orcish Mines.
 13276 | Orc:1    | Entered Level 1 of the Orcish Mines
 13276 | Orc:1    | Noticed an orc high priest
 13441 | D:12     | Noticed an orange crystal statue
 13450 | D:12     | Noticed a boulder beetle
 14129 | D:13     | Reached skill level 12 in Conjurations
 14410 | D:12     | Found a runed translucent door.
 14410 | D:12     | Found a shimmering altar of Xom.
 14410 | D:12     | Noticed admiralandromeda's ghost (journeyman BaWr)
 14421 | D:12     | Noticed a +2 flail of chaos
 14613 | D:12     | Noticed a two-headed ogre
 14642 | D:12     | Killed an orange crystal statue
 14643 | D:12     | Reached XP level 12. HP: 80/81 MP: 5/27
 14944 | D:12     | Killed Nergalle
 14945 | D:12     | Reached skill level 5 in Evocations
 14955 | D:12     | HP: 2/81 [admiralandromeda's ghost (4)]
 14955 | D:12     | Slain by admiralandromeda's ghost

Illustrated notes

Levels and vault maps discovered:
D:1:      dpeg_arrival_rhombi, layout_rooms
D:2:      layout_loops_cross, minmay_overflow_temple_hex,
          nemelex_xobeh_ov_fountains_minmay, uniq_robin
D:3:      layout_loops_ring, serial_bayou, serial_bayou_pond_d,
          serial_bayou_crossing, serial_bayou_pond_c, serial_bayou_shore_a,
          serial_bayou_pond_e, serial_bayou_ford_a
D:4:      minmay_chambers_of_twos, layout_loops_ring
D:5:      layout_loops_ring, basic_altar
D:6:      layout_cave_pools, dk_noncrumbling_3, kennysheep_doodads,
          minmay_splitting_lines, kennysheep_pointless_box, nzn_random_ring,
          uniq_blork_the_orc
D:7:      layout_cave_pods, minmay_temple_entry_statues_fountains,
          uniq_crazy_yiuf_cottage, uniq_menkaure
D:8:      layout_loops_cross, lair_entry_dummy, serial_shops,
          nicolae_shop_behind_doors, shop, shop, nicolae_shop_waterfront,
          uniq_prince_ribbit1, uniq_maurice
D:9:      layout_irregular_city, serial_shops, shop, minivault_5,
          hangedman_glass_teeth, minivault_21
D:10:     layout_roguey, minivault_7
D:11:     layout_gridville, serial_shops, nicolae_shop_stone, shop_statue,
          nicolae_shop_waterfront, shop
D:12:     layout_rooms, david_orc_4, special_room [special_room_orc],
          ebering_ghost_xom, disabler_island, uniq_nergalle
D:13:     layout_basic, grunt_vaults_entry_tiered
Orc:1:    layout_diamond_mine, minmay_orc_keep

Skill      XL: |  1  2  3  4  5  6  7  8  9 10 11 12 |
---------------+-------------------------------------+-----
Stealth        | 2 |  2.0
Dodging        | 2 3 4 5 6 7 |  7.0
Conjurations   | 5 6 7 8 10 11 12 | 12.1
Spellcasting   | 3 4 5 6 8 10 11 | 11.6
Evocations     | 2 4 5 |  5.2
Staves         | 1 |  1.4
Short Blades   | 3 4 |  4.0
Polearms       | |  0.5

Action                   |  1- 3 |  4- 6 |  7- 9 | 10-12 || total
-------------------------+-------+-------+-------+-------++-------
Melee: Short sword       |    25 |     5 |       |       ||    30
       Tailslap          |     1 |     2 |     2 |     4 ||     9
       Unarmed           |     1 |       |       |       ||     1
       Spear             |       |    77 |    68 |    41 ||   186
       Staff             |       |       |       |    10 ||    10
       Dagger            |       |       |       |    13 ||    13
 Cast: Magic Dart        |    59 |    54 |   164 |   268 ||   545
       Searing Ray       |     5 |     8 |     9 |    17 ||    39
       Sandblast         |       |     2 |     4 |     9 ||    15
       Iskenderun's Myst |       |     1 |       |     1 ||     2
       Fulminant Prism   |       |       |    17 |    43 ||    60
       Stone Arrow       |       |       |       |    56 ||    56
       Airstrike         |       |       |       |    18 ||    18
       Shock             |       |       |       |     4 ||     4
       Iskenderun's Batt |       |       |       |    28 ||    28
 Abil: Breathe Acid      |       |       |    29 |    11 ||    40
       Evoke Flight      |       |       |       |     1 ||     1
Evoke: Box of beasts     |       |       |       |     1 ||     1
  Use: Scroll            |       |     6 |     5 |    15 ||    26
 Stab: Sleeping          |     1 |     2 |     2 |       ||     5
Armor: Skin              |    12 |    23 |    41 |    80 ||   156
Dodge: Dodged            |    11 |    44 |   118 |   275 ||   448
